[Event "Late-Titled-Tuesday-Blitz-October-17-2023"]
[Site "Chess.com"]
[Date "2023.10.17"]
[Round "1"]
[White "akanga001"]
[Black "Orest_Vovk"]
[Result "0-1"]
[WhiteElo "2049"]
[BlackElo "2523"]
[TimeControl "180+1"]
[EndTime "14:01:27 PDT"]
[Termination "Orest_Vovk won by resignation"]

1. d4 h6 2. c4 g5 3. Nc3 Bg7 4. e4 c5 5. Be3 Nc6 6. d5 Nd4 7. Nge2 Nxe2 8. Bxe2 Bxc3+ 9. bxc3 d6 10. h4 Qa5 11.
hxg5 hxg5 12. Rxh8 Qxc3+ 13. Bd2 Qxh8 14. Qa4+ Bd7 15.
Qb3 Qxa1+ 0-1

[Event "Late-Titled-Tuesday-Blitz-October-17-2023"]
[Site "Chess.com"]
[Date "2023.10.17"]
[Round "1"]
[White "NCchamp"]
[Black "Squirlolz"]
[Result "0-1"]
[WhiteElo "2299"]
[BlackElo "2600"]
[TimeControl "180+1"]
[EndTime "14:01:47 PDT"]
[Termination "Squirlolz won by resignation"]

1. e4 c6 2. d4 d5 3. e5 a6 4. h4 c5 5. dxc5 Nc6 6. Nf3 Bg4 7. Be2 e6 8. Bf4 Bxc5 9. O-O Bxf3 10. Bxf3 Qxh4 11.
Qd2 Nge7 12. c3 h6 13. b4 Ba7 14. a4 Ng6 15. Bg3 Qxg3 0-1

[Event "Late-Titled-Tuesday-Blitz-October-17-2023"]
[Site "Chess.com"]
[Date "2023.10.17"]
[Round "1"]
[White "DefiantChair"]
[Black "ferdipy"]
[Result "0-1"]
[WhiteElo "2645"]
[BlackElo "2366"]
[TimeControl "180+1"]
[EndTime "14:02:01 PDT"]
[Termination "ferdipy won by resignation"]

1. e4 e6 2. d4 d5 3. Nd2 Nf6 4.
e5 Nfd7 5. Bd3 c5 6. c3 Nc6 7. Ne2 cxd4 8. cxd4 f6 9. exf6 Nxf6 10.
O-O Bd6 11. Nf3 Qc7 12. Bg5 O-O 13. Bh4 e5 14. dxe5 Nxe5 15. Nxe5 Bxe5 16. Bg3 Bxg3 17. hxg3 Qb6 18. Qd2 Bd7 19. Nd4 Kh8 20. Nb3 Ng4 21.
Rad1 Rae8 22. Rde1 Rxe1 23. Qxe1 Qh6 0-1

[Event "Late-Titled-Tuesday-Blitz-October-17-2023"]
[Site "Chess.com"]
[Date "2023.10.17"]
[Round "1"]
[White "Binary010"]
[Black "Marcin"]
[Result "1-0"]
[WhiteElo "2807"]
[BlackElo "2435"]
[TimeControl "180+1"]
[EndTime "14:02:08 PDT"]
[Termination "Binary010 won by resignation"]

1. e4 c6 2. d4 d5 3. e5 Bf5 4.
Nf3 e6 5. Be2 Ne7 6. c3 Nd7 7.
O-O h6 8. Na3 g5 9. Nc2 Bg7 10.
Ne3 Bg6 11. Ne1 Nf5 12. Bd3 Nxe3 13. Bxe3 Bxd3 14. Nxd3 Qc7 15. f4 O-O-O 16. fxg5 hxg5 17. Rxf7 Rdg8 18. Qg4 Bf8 19. Qxe6 1-0

[Event "Late-Titled-Tuesday-Blitz-October-17-2023"]
[Site "Chess.com"]
[Date "2023.10.17"]
[Round "1"]
[White "jup1978"]
[Black "AlexNovitz"]
[Result "1-0"]
[WhiteElo "2549"]
[BlackElo "2204"]
[TimeControl "180+1"]
[EndTime "14:02:08 PDT"]
[Termination "jup1978 won by resignation"]

1. e4 e6 2. d4 d5 3. Nd2 c5 4. exd5 Qxd5 5. dxc5 Qxc5 6. Ngf3 Bd6 7. Bd3 Nf6 8. O-O Qc7 9. Qe2 O-O 10. Ne4 Nxe4 11. Qxe4 f5 12. Qc4 Qxc4 13. Bxc4 Kh8 14. Re1 Re8 15. Ng5 Nc6 16. Nf7+ 1-0

[Event "Late-Titled-Tuesday-Blitz-October-17-2023"]
[Site "Chess.com"]
[Date "2023.10.17"]
[Round "1"]
[White "Pingah9"]
[Black "Mbneu"]
[Result "1-0"]
[WhiteElo "2565"]
[BlackElo "2233"]
[TimeControl "180+1"]
[EndTime "14:02:16 PDT"]
[Termination "Pingah9 won by resignation"]

1. e4 e5 2. Nf3 Nc6 3. Bb5 Bc5 4. c3 f5 5. d3 Nf6 6. Bg5 O-O 7. Nbd2 d6 8. a4 fxe4 9. Nxe4 d5 10. Nxc5 e4 11.
dxe4 Qd6 12. Bxf6 Rxf6 13. Qxd5+ 1-0

[Event "Late-Titled-Tuesday-Blitz-October-17-2023"]
[Site "Chess.com"]
[Date "2023.10.17"]
[Round "1"]
[White "Msb2"]
[Black "ural58"]
[Result "1-0"]
[WhiteElo "3072"]
[BlackElo "2507"]
[TimeControl "180+1"]
[EndTime "14:02:48 PDT"]
[Termination "Msb2 won by resignation"]

1. d4 d5 2. c4 e5 3. dxe5 d4 4.
Nf3 Nc6 5. a3 g6 6. Bg5 Qd7 7. e3 h6 8. Bh4 g5 9. Bg3 dxe3 10.
Qxd7+ Bxd7 11. fxe3 O-O-O 12. Nc3 Bg7 13. O-O-O Nge7 14. Nd5 Ng6 15. Nf6 Ncxe5 16. Nxe5 Bxf6 17. Nxf7 Bg4 18. Rxd8+ Rxd8 19. Nxd8 Kxd8 20. h3 Bf5 21. Be2 1-0

[Event "Late-Titled-Tuesday-Blitz-October-17-2023"]
[Site "Chess.com"]
[Date "2023.10.17"]
[Round "1"]
[White "DanielTitichoca"]
[Black "Estrategia_vs_Tactica"]
[Result "1-0"]
[WhiteElo "2582"]
[BlackElo "2256"]
[TimeControl "180+1"]
[EndTime "14:02:59 PDT"]
[Termination "DanielTitichoca won by resignation"]

1. c4 Nf6 2. Nc3 b6 3. g3 Bb7 4. Nf3 e5 5. Bg2 Nc6 6. Nxe5 Be7 7. Nf3 O-O 8. O-O Re8 9. e4 Bf8 10. Re1 g6 11. d4 Bg7 12. e5 Ng4 13. Bg5 f6 14.
exf6 Nxf6 15. d5 Nb8 16. Qd2 d6 17. Nd4 Bc8 18. Qf4 Rxe1+ 19. Rxe1 Qf8 20. Ne6 Qe7 21. Re2 h6 22. Bxh6 Bxh6 23. Qxh6 Bxe6 24. Rxe6 Qf7 25. Bh3 Nbd7 26. Ne4 Nxe4 27. Rxg6+ 1-0

[Event "Late-Titled-Tuesday-Blitz-October-17-2023"]
[Site "Chess.com"]
[Date "2023.10.17"]
[Round "1"]
[White "slowdgehammer"]
[Black "ckgchess"]
[Result "0-1"]
[WhiteElo "2477"]
[BlackElo "2883"]
[TimeControl "180+1"]
[EndTime "14:03:03 PDT"]
[Termination "ckgchess won by resignation"]

1. e4 e5 2. Nf3 Nf6 3. Nxe5 d5 4. exd5 Qxd5 5. d4 Nc6 6. Nxc6 Qxc6 7.
Nc3 Bb4 8. Bd2 O-O 9. Qf3 Re8+ 10. Be2 Bxc3 11. bxc3 Bg4 12. Qxc6 Rxe2+ 13. Kd1 Rxf2+ 14.
Ke1 Re2+ 0-1

[Event "Late-Titled-Tuesday-Blitz-October-17-2023"]
[Site "Chess.com"]
[Date "2023.10.17"]
[Round "1"]
[White "luizzy"]
[Black "BrandonJiang123456"]
[Result "1-0"]
[WhiteElo "2575"]
[BlackElo "2251"]
[TimeControl "180+1"]
[EndTime "14:03:25 PDT"]
[Termination "luizzy won by resignation"]

1. b3 Nf6 2. Bb2 g6 3. Bxf6 exf6 4. c4 Bg7 5. Nc3 O-O 6. g3 Nc6 7. Bg2 d6 8. e3 f5 9. Nge2 Ne5 10. O-O c6 11. d4 Ng4 12. b4 Be6 13. Qd3 a5 14. b5 cxb5 15. Nxb5 Rc8 16. Rac1 Qb6 17. a4 Nf6 18. Nf4 Bd7 19. Rb1 Bc6 20. Nxd6 1-0

[Event "Late-Titled-Tuesday-Blitz-October-17-2023"]
[Site "Chess.com"]
[Date "2023.10.17"]
[Round "1"]
[White "shrek4life02"]
[Black "YouShallNotPass001"]
[Result "1-0"]
[WhiteElo "2705"]
[BlackElo "2392"]
[TimeControl "180+1"]
[EndTime "14:03:29 PDT"]
[Termination "shrek4life02 won by resignation"]

1. d4 Nf6 2. Bf4 c5 3. e4 Nxe4 4. Nc3 Qa5 5. dxc5 Nxc3 6. bxc3 e6 7. Nf3 Bxc5 8. Bd3 O-O 9. O-O Be7 10. h4 Nc6 11. Ng5 Bxg5 12. hxg5 e5 13. Be3 d5 14. f3 Qxc3 15. Qe1 Be6 16. Qxc3 1-0

[Event "Late-Titled-Tuesday-Blitz-October-17-2023"]
[Site "Chess.com"]
[Date "2023.10.17"]
[Round "1"]
[White "Nick12772"]
[Black "cassoulet"]
[Result "0-1"]
[WhiteElo "2415"]
[BlackElo "2769"]
[TimeControl "180+1"]
[EndTime "14:03:30 PDT"]
[Termination "cassoulet won by resignation"]

1. Nf3 Nf6 2. g3 g6 3. Bg2 Bg7 4. O-O O-O 5. c4 d6 6. Nc3 Nbd7 7. d3 c5 8. Rb1 a6 9. a3 Rb8 10. b4 cxb4 11. axb4 b5 12. cxb5 axb5 13. Bb2 Bb7 14. Nd2 Bxg2 15. Kxg2 Qb6 16. Nce4 Qb7 17. Kg1 Rfc8 18.
Nxf6+ Nxf6 19. Qb3 Qd5 20. Rfc1 Qxb3 21. Nxb3 Nd5 22.
Bxg7 Kxg7 23. Nd4 Nc3 24. Rxc3 Rxc3 25. Rb2 e5 26. Nf3 Rbc8 27. Ra2 Rc2 28. Ra5 Rxe2 29. Rxb5 Rcc2 30. Rb6 Rxf2 31. Nh4 Rfd2 0-1

[Event "Late-Titled-Tuesday-Blitz-October-17-2023"]
[Site "Chess.com"]
[Date "2023.10.17"]
[Round "1"]
[White "OLDTERMINATOR"]
[Black "Artyom_ChessMate"]
[Result "0-1"]
[WhiteElo "1648"]
[BlackElo "2512"]
[TimeControl "180+1"]
[EndTime "14:03:36 PDT"]
[Termination "Artyom_ChessMate won by resignation"]

1. e4 c5 2. Nf3 Nc6 3. d4 cxd4 4. Nxd4 g6 5. Nc3 Bg7 6. Be3 Nf6 7. Nb3 O-O 8. Be2 d6 9. f4 Be6 10. g4 Na5 11. Nxa5 Qxa5 12. g5 Nxe4 13. Bd4 Nxc3 14. bxc3 Rac8 15. Bxg7 Kxg7 16. Qd4+ Kg8 17. O-O Qxc3 18.
Qxc3 Rxc3 19. Bd3 Bf5 20. Bxf5 gxf5 21. Rfb1 b6 22. Rb2 Rfc8 23. a4 Rxc2 24. Rxc2 Rxc2 25. a5 b5 26. Rb1 a6 27. Re1 e6 28. Rd1 d5 29.
Rd3 b4 30. Rd4 Rc4 0-1

[Event "Late-Titled-Tuesday-Blitz-October-17-2023"]
[Site "Chess.com"]
[Date "2023.10.17"]
[Round "1"]
[White "ejam94"]
[Black "BrandonJacobson"]
[Result "0-1"]
[WhiteElo "2501"]
[BlackElo "2992"]
[TimeControl "180+1"]
[EndTime "14:03:46 PDT"]
[Termination "BrandonJacobson won by resignation"]

1. e4 c5 2. Nf3 d6 3. d4 cxd4 4. Nxd4 Nf6 5. Nc3 Nc6 6. Bg5 e6 7. Qd2 a6 8. Nxc6 bxc6 9. O-O-O Be7 10. Bxf6 gxf6 11. f4 d5 12. Be2 Rb8 13. Rhe1 Qa5 14. Kb1 Rxb2+ 15. Kxb2 Ba3+ 16. Ka1 Bb4 17. Nb1 Bxd2 18.
Nxd2 Qc3+ 19. Kb1 a5 20. Bf3 a4 0-1

[Event "Late-Titled-Tuesday-Blitz-October-17-2023"]
[Site "Chess.com"]
[Date "2023.10.17"]
[Round "1"]
[White "GM_dmitrij"]
[Black "maximnovik"]
[Result "1-0"]
[WhiteElo "3044"]
[BlackElo "2505"]
[TimeControl "180+1"]
[EndTime "14:03:49 PDT"]
[Termination "GM_dmitrij won by resignation"]

1. c4 Nf6 2. Nc3 d5 3. cxd5 Nxd5 4. e4 Nxc3 5. dxc3 Qxd1+ 6. Kxd1 e5 7. Be3 Be6 8. Kc2 Nd7 9. Nf3 f6 10. Nd2 Bc5 11.
Bxc5 Nxc5 12. b4 Nd7 13. a4 a5 14. Bc4 Ke7 15. Rhd1 Nb6 16. Bxe6 Kxe6 17. Nb3 axb4 18. Nc5+ Ke7 19. cxb4 Rhd8 20. Rxd8 Rxd8 21. a5 Nc8 22.
Nxb7 Rd4 23. Kb3 Rxe4 24. Rc1 Ke6 25. Nc5+ 1-0

[Event "Late-Titled-Tuesday-Blitz-October-17-2023"]
[Site "Chess.com"]
[Date "2023.10.17"]
[Round "1"]
[White "Boorchess"]
[Black "Jospem"]
[Result "0-1"]
[WhiteElo "2512"]
[BlackElo "3134"]
[TimeControl "180+1"]
[EndTime "14:04:18 PDT"]
[Termination "Jospem won on time"]

1. d4 g6 2. c4 Bg7 3. Nf3 d6 4. g3 Nf6 5. Bg2 O-O 6. O-O c6 7. Nc3 Bf5 8. Nh4 Be6 9. b3 d5 10. c5 b6 11. Na4 Nbd7 12. Qc2 Rc8 13. b4 Qc7 14. Bf4 Qb7 15. Nc3 h6 16. Nf3 Bf5 17. Qb3 Ne4 18. Rfc1 g5 19. Be3 e6 20. Nd2 Nxd2 21. Bxd2 Bxd4 22. e4 Bg6 23. exd5 exd5 24. h4 bxc5 25. hxg5 hxg5 26. bxc5 Qxb3 27. axb3 Nxc5 0-1

[Event "Late-Titled-Tuesday-Blitz-October-17-2023"]
[Site "Chess.com"]
[Date "2023.10.17"]
[Round "1"]
[White "Maksimus1998"]
[Black "shanemelaughcm"]
[Result "1-0"]
[WhiteElo "2615"]
[BlackElo "2308"]
[TimeControl "180+1"]
[EndTime "14:04:24 PDT"]
[Termination "Maksimus1998 won by resignation"]

1. d4 e6 2. Nf3 f5 3. Bf4 b6 4.
e3 Bb7 5. h3 Nf6 6. Be2 Be7 7. O-O O-O 8. c4 Ne4 9. Nbd2 d6 10.
Nxe4 fxe4 11. Nd2 Nd7 12. Bg4 Rf6 13. Qc2 e5 14. dxe5 dxe5 15. Bg3 Nc5 16. Bxe5 Rf8 17.
Rad1 Nd3 18. Bg3 Bf6 19. Bf5 Nxb2 20. Rb1 Qe7 21. Bxe4 Bxe4 22. Nxe4 1-0

[Event "Late-Titled-Tuesday-Blitz-October-17-2023"]
[Site "Chess.com"]
[Date "2023.10.17"]
[Round "1"]
[White "Lady_Nika"]
[Black "mishanick"]
[Result "0-1"]
[WhiteElo "2504"]
[BlackElo "3026"]
[TimeControl "180+1"]
[EndTime "14:04:29 PDT"]
[Termination "mishanick won on time"]

1. e4 d6 2. d4 Nf6 3. f3 e5 4. d5 c6 5. c4 a6 6. Nc3 Be7 7. Be3 b5 8. dxc6 bxc4 9. Bxc4 Nxc6 10. Nge2 Be6 11. Bxe6 fxe6 12. O-O O-O 13. Qb3 Qd7 14. Rfd1 Rfb8 15. Qc2 Qb7 16. b3 Rc8 17. Qb2 a5 0-1

[Event "Late-Titled-Tuesday-Blitz-October-17-2023"]
[Site "Chess.com"]
[Date "2023.10.17"]
[Round "1"]
[White "kiwibobo"]
[Black "joksijoksi"]
[Result "1-0"]
[WhiteElo "2294"]
[BlackElo "2571"]
[TimeControl "180+1"]
[EndTime "14:04:39 PDT"]
[Termination "kiwibobo won by resignation"]

1. e4 c5 2. Nf3 Nf6 3. e5 Nd5 4. Nc3 Nxc3 5. dxc3 e6 6. Bf4 Qc7 7. Be2 h6 8. O-O Nc6 9. Re1 Be7 10. Bf1 b6 11. a4 Bb7 12. Nd2 g5 13. Bg3 h5 14.
h3 O-O-O 15. Nc4 Rdg8 16. a5 h4 17. axb6 axb6 18. Nd6+ Bxd6 19. exd6 Qd8 20. Bh2 g4 21. hxg4 f5 22. Ba6 Rxg4 23. Qe2 c4 24. f3 Rg3 25. Qxc4 Qg5 26. Bxb7+ Kd8 27. Ra8+ 1-0

[Event "Late-Titled-Tuesday-Blitz-October-17-2023"]
[Site "Chess.com"]
[Date "2023.10.17"]
[Round "1"]
[White "frederiksvane"]
[Black "ShadowJolteon"]
[Result "1-0"]
[WhiteElo "2889"]
[BlackElo "2479"]
[TimeControl "180+1"]
[EndTime "14:04:47 PDT"]
[Termination "frederiksvane won by checkmate"]

1. Nf3 Nf6 2. g3 g6 3. Bg2 Bg7 4. O-O O-O 5. b3 d5 6. Bb2 c5 7. e3 Nc6 8. d4 cxd4 9. Nxd4 Nxd4 10. Bxd4 Qc7 11. Nd2 e5 12. Bb2 Be6 13. c4 Rad8 14. cxd5 Bxd5 15. Rc1 Qb8 16. Qe2 Bxg2 17. Kxg2 e4 18.
Bxf6 Bxf6 19. Nxe4 Bg7 20. Rfd1 Rfe8 21. Qf3 Qe5 22.
Rc5 Qb2 23. Rc7 Rf8 24. Rxd8 Rxd8 25. Qxf7+ Kh8 26. Rxb7 Qc2 27. Qxg7# 1-0

[Event "Late-Titled-Tuesday-Blitz-October-17-2023"]
[Site "Chess.com"]
[Date "2023.10.17"]
[Round "1"]
[White "miraitrunks"]
[Black "IamSchrodingersCat"]
[Result "1-0"]
[WhiteElo "2207"]
[BlackElo "2529"]
[TimeControl "180+1"]
[EndTime "14:04:50 PDT"]
[Termination "miraitrunks won by resignation"]

1. e4 c5 2. c3 g6 3. d4 cxd4 4. cxd4 d5 5. exd5 Nf6 6. Bb5+ Nbd7 7. Nc3 Bg7 8. Nf3 O-O 9. O-O Nb6 10. Re1 Nbxd5 11. Bg5 a6 12. Bc4 Nxc3 13. bxc3 Bg4 14. h3 Rc8 15. Bxf7+ Rxf7 16. hxg4 Rxc3 17. Qe2 Nxg4 18.
Qe6 Qc8 19. Qd5 Qc7 20. Rxe7 Rxf3 21. Rxc7 Rxf2 22. Rxf7 Rxf7 23. Rf1 1-0

[Event "Late-Titled-Tuesday-Blitz-October-17-2023"]
[Site "Chess.com"]
[Date "2023.10.17"]
[Round "1"]
[White "Tonychess32"]
[Black "Polish_fighter3000"]
[Result "0-1"]
[WhiteElo "2505"]
[BlackElo "3052"]
[TimeControl "180+1"]
[EndTime "14:04:52 PDT"]
[Termination "Polish_fighter3000 won on time"]

1. e4 b6 2. d4 Bb7 3. Bd3 e6 4. Nf3 g6 5. O-O Bg7 6. Re1 d6 7. c3 Nd7 8. Bf4 e5 9. Bg5 Ngf6 10. dxe5 dxe5 11. Bb5 O-O 12. Nbd2 h6 13. Bh4 Qe7 14. Bxd7 Qxd7 15. Nxe5 Qb5 16. Nec4 Nxe4 17. a4 Qf5 18. Nxe4 Bxe4 19. Ne3 Qc5 20. Qg4 Rfe8 21. Rad1 g5 22. Bg3 f5 23. b4 Qxe3 0-1

[Event "Late-Titled-Tuesday-Blitz-October-17-2023"]
[Site "Chess.com"]
[Date "2023.10.17"]
[Round "1"]
[White "kirillshevchenko"]
[Black "Necromon"]
[Result "1-0"]
[WhiteElo "2922"]
[BlackElo "2488"]
[TimeControl "180+1"]
[EndTime "14:05:06 PDT"]
[Termination "kirillshevchenko won by resignation"]

1. e4 c5 2. a3 Nc6 3. b4 cxb4 4. axb4 d5 5. b5 Ne5 6. d4 Ng6 7. exd5 Nf6 8. c4 e6 9. dxe6 Bxe6 10. Nf3 Rc8 11. Nbd2 Bb4 12. Qb3 Qe7 13. Ba3 Bxc4+ 14.
Qe3 Bxf1 15. Bxb4 Qxe3+ 16. fxe3 Bxb5 17. e4 Nf4 18. Bd6 Nd3+ 19. Ke2 Rc3 20. Rhb1 a6 21. Rxb5 axb5 22. Ra8+ Kd7 23. Rxh8 Kxd6 24. e5+ Ke6 25.
exf6 Kxf6 26. Ne4+ 1-0

[Event "Late-Titled-Tuesday-Blitz-October-17-2023"]
[Site "Chess.com"]
[Date "2023.10.17"]
[Round "1"]
[White "Alexander_Donchenko"]
[Black "angryspacevoid"]
[Result "1-0"]
[WhiteElo "2875"]
[BlackElo "2470"]
[TimeControl "180+1"]
[EndTime "14:05:06 PDT"]
[Termination "Alexander_Donchenko won by resignation"]

1. Nf3 Nc6 2. c4 e5 3. Nc3 Nf6 4. e4 Bc5 5. Nxe5 O-O 6. Nxc6 dxc6 7. Be2 Qd4 8. O-O Nxe4 9. Nxe4 Qxe4 10. d3 Qg6 11. d4 Rd8 12. Be3 Bd6 13. g3 Bh3 14. Re1 Re8 15. Qb3 Rab8 16. Bd3 Qg4 17. Qc2 h5 18.
Be2 Qg6 19. Qxg6 fxg6 20. c5 Be7 21. Bf4 Bf6 22. Bxc7 Rbc8 23. Be5 Bxe5 24. dxe5 Kh7 25.
f4 Rcd8 26. Rad1 Bf5 27. Kf2 Bc2 28. Rd6 b6 29. Rxc6 Rd2 30. cxb6 Be4 31. Rc4 Bd5 32. Rb4 axb6 33. Rxb6 Bxa2 34. Ke3 Rc2 35. Bd3 1-0

[Event "Late-Titled-Tuesday-Blitz-October-17-2023"]
[Site "Chess.com"]
[Date "2023.10.17"]
[Round "1"]
[White "Resignify"]
[Black "wadsy27"]
[Result "0-1"]
[WhiteElo "2348"]
[BlackElo "2660"]
[TimeControl "180+1"]
[EndTime "14:05:06 PDT"]
[Termination "wadsy27 won by resignation"]

1. e4 c5 2. Nc3 e6 3. g3 Nc6 4. Bg2 Nf6 5. d3 d5 6. exd5 exd5 7. Nge2 d4 8. Ne4 Be7 9. Nf4 O-O 10. O-O Bf5 11.
Nxf6+ Bxf6 12. Nd5 Rc8 13. a3 Re8 14. Qf3 g6 15. Nxf6+ Qxf6 16. h3 h5 17. Bd2 Re7 18.
Rae1 Rce8 19. Rxe7 Rxe7 20. Qd5 Re5 21. Qf3 Qe6 22. Rd1 Bxh3 23. Bh1 Bg4 0-1

[Event "Late-Titled-Tuesday-Blitz-October-17-2023"]
[Site "Chess.com"]
[Date "2023.10.17"]
[Round "1"]
[White "egnfanclub"]
[Black "Mikasinski"]
[Result "0-1"]
[WhiteElo "2378"]
[BlackElo "2682"]
[TimeControl "180+1"]
[EndTime "14:05:10 PDT"]
[Termination "Mikasinski won by resignation"]

1. e4 c5 2. Nc3 Nc6 3. f4 g6 4. Nf3 Bg7 5. Bc4 e6 6. f5 exf5 7. d3 Nge7 8. O-O O-O 9. Qe1 Nd4 10. Nxd4 cxd4 11. Nd5 Nxd5 12. Bxd5 d6 13. Qg3 fxe4 14.
dxe4 Be6 15. Bxb7 Rb8 16. Bd5 Bxd5 17. exd5 Rb5 18. Qf3 Qa8 19. Bg5 Qxd5 20. Be7 Qxf3 21. Rxf3 Rc8 22. Bxd6 Rxb2 23. Raf1 f5 24. Ra3 Rcxc2 25.
Rxa7 d3 26. Ra8+ Kf7 27. Rd1 d2 28. Kf2 Rc1 29. Ke2 Rxd1 30. Kxd1 Bc3 31. Rb8 Rxa2 32. Rb1 Ke6 33. Bf4 Kd5 34. Ke2 d1=Q+ 35. Kxd1 Rxg2 36. Rb7 Ke4 37. Bg3 f4 38. Re7+ Be5 39. Be1 Rxh2 40.
Bc3 Kd3 0-1

[Event "Late-Titled-Tuesday-Blitz-October-17-2023"]
[Site "Chess.com"]
[Date "2023.10.17"]
[Round "1"]
[White "Vojtap"]
[Black "SCIM"]
[Result "0-1"]
[WhiteElo "2216"]
[BlackElo "2556"]
[TimeControl "180+1"]
[EndTime "14:05:10 PDT"]
[Termination "SCIM won by resignation"]

1. e4 e5 2. Nf3 d6 3. d4 exd4 4. Nxd4 Nf6 5. Nc3 Be7 6. Be2 O-O 7. O-O c6 8. Re1 a5 9. a4 Na6 10. Be3 Re8 11. f4 Bf8 12. Bf3 Nc5 13. Bf2 Qc7 14.
Kh1 Bd7 15. Bg3 h5 16. e5 Ng4 17. exd6 Bxd6 18. Qd2 h4 19. Bxg4 Bxg4 20. Ndb5 cxb5 21. Nxb5 Rxe1+ 22. Rxe1 Qc6 23. Nxd6 hxg3 24. Re7 Rd8 25. Qe1 Qxd6 0-1

[Event "Late-Titled-Tuesday-Blitz-October-17-2023"]
[Site "Chess.com"]
[Date "2023.10.17"]
[Round "1"]
[White "as9killer2"]
[Black "morte-negra"]
[Result "1-0"]
[WhiteElo "2518"]
[BlackElo "1941"]
[TimeControl "180+1"]
[EndTime "14:05:11 PDT"]
[Termination "as9killer2 won by resignation"]

1. c4 Nf6 2. Nc3 e5 3. Nf3 Nc6 4. e3 d5 5. cxd5 Nxd5 6. Bb5 f6 7. Qa4 Ne7 8. d4 exd4 9. exd4 Bd7 10. d5 Ne5 11.
Nxe5 fxe5 12. O-O g6 13. Bg5 a6 14. Bxd7+ Qxd7 15. Qe4 Bg7 16. f4 exf4 17. Rae1 Bf8 18. d6 cxd6 19. Nd5 Qf5 20. Qxf5 gxf5 21. Bxe7 Bxe7 22.
Rxe7+ 1-0

[Event "Late-Titled-Tuesday-Blitz-October-17-2023"]
[Site "Chess.com"]
[Date "2023.10.17"]
[Round "1"]
[White "pirulillo"]
[Black "dedpihto_v_kozhanom_palto"]
[Result "0-1"]
[WhiteElo "2339"]
[BlackElo "2648"]
[TimeControl "180+1"]
[EndTime "14:05:16 PDT"]
[Termination "dedpihto_v_kozhanom_palto won on time"]

1. e4 g6 2. d4 Bg7 3. c4 d6 4. Nc3 Nc6 5. Be3 e5 6. Nge2 f5 7. exf5 Bxf5 8. d5 Nce7 9. Ng3 Nf6 10. Bd3 O-O 11. O-O a5 12. Bg5 Qd7 13. Bxf6 Bxf6 14. Nce4 Bh4 15. Nxf5 gxf5 16. Ng3 Kh8 17. Qh5 Bxg3 18.
fxg3 e4 19. Bc2 Ng6 20. g4 fxg4 21. Bxe4 Qg7 22. Qxg4 Qd4+ 23. Kh1 Rae8 24. Rxf8+ Rxf8 25. Bf3 Qxg4 26. Bxg4 Rf2 27. b3 Ne5 0-1

[Event "Late-Titled-Tuesday-Blitz-October-17-2023"]
[Site "Chess.com"]
[Date "2023.10.17"]
[Round "1"]
[White "Giorno"]
[Black "stregachess"]
[Result "1-0"]
[WhiteElo "2523"]
[BlackElo "2067"]
[TimeControl "180+1"]
[EndTime "14:05:16 PDT"]
[Termination "Giorno won by resignation"]

1. b4 d5 2. Bb2 Nf6 3. Nf3 g6 4. g3 Bg7 5. Bg2 O-O 6. O-O c6 7. d3 Nbd7 8. Nbd2 Re8 9. e4 dxe4 10. dxe4 e5 11. Qe2 Qc7 12. Rfd1 b5 13. a4 a6 14. c4 Bb7 15. axb5 axb5 16. c5 Rxa1 17. Bxa1 Ra8 18. Nb3 Ra4 19. Bc3 Ne8 20. Bh3 Nf8 21.
Qb2 f6 22. Ra1 Rxa1+ 23. Qxa1 Bc8 24. Bxc8 Qxc8 25. Na5 Ne6 26. Qd1 Nd4 27. Bxd4 exd4 28.
Nxd4 f5 29. Ndxc6 fxe4 30. Ne7+ 1-0

[Event "Late-Titled-Tuesday-Blitz-October-17-2023"]
[Site "Chess.com"]
[Date "2023.10.17"]
[Round "1"]
[White "Levanzovsky"]
[Black "ameetghasi100"]
[Result "0-1"]
[WhiteElo "2419"]
[BlackElo "2789"]
[TimeControl "180+1"]
[EndTime "14:05:17 PDT"]
[Termination "ameetghasi100 won by resignation"]

1. e4 g6 2. d4 Bg7 3. Nc3 d6 4. Bg5 a6 5. f3 Nc6 6. d5 Ne5 7. h4 h5 8. Nh3 Bxh3 9. Rxh3 Nf6 10.
Be2 c6 11. Qd2 Qa5 12. O-O-O cxd5 13. exd5 Rc8 14. Kb1 Nfd7 15. f4 Ng4 16. Bxg4 hxg4 17. Re3 f6 18. Rde1 Bf8 19. Qe2 Rh7 20. Bh6 Rxh6 21. Rxe7+ Kd8 22. Re8+ Kc7 23. Qc4+ Qc5 24. Qb3 Rxe8 25. Rxe8 Qg1+ 0-1

[Event "Late-Titled-Tuesday-Blitz-October-17-2023"]
[Site "Chess.com"]
[Date "2023.10.17"]
[Round "1"]
[White "djano"]
[Black "giomar27"]
[Result "1-0"]
[WhiteElo "2676"]
[BlackElo "2355"]
[TimeControl "180+1"]
[EndTime "14:05:19 PDT"]
[Termination "djano won by resignation"]

1. e4 e5 2. Nf3 Nc6 3. d4 exd4 4. Nxd4 Bc5 5. Nb3 Bb6 6. Nc3 Nf6 7. Bg5 O-O 8. Qe2 a5 9. Nd5 a4 10. Nxb6 cxb6 11.
Nd2 h6 12. Bh4 d6 13. a3 Be6 14. O-O-O Rc8 15. Kb1 Nd4 16. Qd3 Nxc2 17. f4 Bb3 18. Nxb3 axb3 19. Qxb3 g5 20. fxg5 Nxe4 21. Bd3 Nd4 22.
Qd5 hxg5 23. Qxe4 f5 24. Qxd4 gxh4 25. Rhf1 Qg5 26. Qxd6 Rcd8 27. Qe6+ Kh8 28. g3 h3 29. Rf4 Rfe8 30. Qxb6 1-0

[Event "Late-Titled-Tuesday-Blitz-October-17-2023"]
[Site "Chess.com"]
[Date "2023.10.17"]
[Round "1"]
[White "Langua_Chess"]
[Black "Zlatan56"]
[Result "0-1"]
[WhiteElo "2496"]
[BlackElo "2947"]
[TimeControl "180+1"]
[EndTime "14:05:21 PDT"]
[Termination "Zlatan56 won on time"]

1. e4 e6 2. d4 d5 3. Nd2 h6 4. Ngf3 Nf6 5. Bd3 c5 6. exd5 exd5 7. O-O c4 8. Re1+ Be7 9. Bf1 Nc6 10. c3 O-O 11. Ne5 Bf5 12. Ndf3 Ne4 13. Nxc6 bxc6 14. Ne5 Bd6 15. f3 Nf6 16. Nxc6 Qc7 17. Ne5 Rab8 18.
Qa4 Rfe8 19. Re2 Nd7 20. Bf4 Nxe5 21. Bxe5 Bxe5 22. Rxe5 Rxe5 23. dxe5 Qb6+ 24. Kh1 Qxb2 25. Re1 Qxc3 26. Qd1 Rb1 0-1

[Event "Late-Titled-Tuesday-Blitz-October-17-2023"]
[Site "Chess.com"]
[Date "2023.10.17"]
[Round "1"]
[White "rasmussvane"]
[Black "imdvb6307"]
[Result "1-0"]
[WhiteElo "2982"]
[BlackElo "2500"]
[TimeControl "180+1"]
[EndTime "14:05:22 PDT"]
[Termination "rasmussvane won on time"]

1. Nf3 d5 2. g3 c6 3. Bg2 Bg4 4. O-O Nd7 5. h3 Bh5 6. d4 e6 7. c4 Bd6 8. Nc3 Ngf6 9. Qb3 Rb8 10. Nd2 O-O 11. e4 dxe4 12. Ndxe4 Nxe4 13. Nxe4 Bc7 14. Bg5 f6 15. Be3 Bf7 16. Rad1 b5 17. cxb5 Rxb5 18. Qc2 Rb6 19. Nc5 Nb8 20. Rfe1 Re8 21. Bd2 Rb5 22. a4 Rxc5 23. dxc5 e5 24. Ba5 Qc8 25. Bxc7 Qxc7 26. Rd6 1-0